Map: Oxide LE

Players

ShoWTimE - Winner!

  • Race: Protoss Protoss
  • League: Grandmaster

BratOK (Brat_OK)

  • Race: Terran Terran
  • League: Grandmaster

Event: DreamHack SC2 Masters 2021 Summer

VOD

Have the link to the VOD?

Description

Time

  • Played on: May 22, 2021, 12:43 p.m.
  • Length: 10:27

All games in this series

Show
View Real Time Build Order
Export as new Build Order

ShoWTimE Protoss - Winner!

Build Orders: 1 Gate Expand, Phoenix Opening, Blink Stalkers 

Get SALT Encoding   

  12  0:00  Probe  
  13  0:12  Probe  
  14  0:17  Pylon  
  14  0:24  Probe  
  15  0:36  Probe (Chrono Boost)  
  15  0:37  Gateway  
  16  0:47  Probe (Chrono Boost), Assimilator  
  17  0:52  Probe (Chrono Boost)  
  18  1:03  Probe  
  19  1:15  Probe  
  20  1:25  Cybernetics Core  
  20  1:34  Nexus  
  20  1:37  Probe  
  21  1:44  Pylon  
  21  1:49  Probe  
  21  1:53  Assimilator  
  22  2:00  Adept (Chrono Boost)  
  22  2:01  Probe  
  25  2:12  Warp Gate  
  25  2:13  Probe  
  26  2:22  Sentry (Chrono Boost)  
  26  2:23  Pylon  
  26  2:26  Probe  
  29  2:39  Probe (Chrono Boost), Stalker  
  32  2:47  Probe (Chrono Boost)  
  32  2:49  Phoenix  
  32  2:51  Twilight Council  
  34  2:55  Probe (Chrono Boost)  
  34  2:56  Probe (Chrono Boost)  
  35  3:01  Probe (Chrono Boost)  
  35  3:02  Probe  
  35  3:04  Gateway  
  37  3:13  Probe, Stalker  
  37  3:16  Probe  
  37  3:18  Blink (Chrono Boost)  
  41  3:25  Probe  
  42  3:28  Probe  
  43  3:37  Probe  
  43  3:40  Probe  
  45  3:45  Robotics Facility  
  45  3:49  Probe  
  45  3:52  Probe  
  45  3:53  Pylon  
  47  3:59  Stalker  
  47  4:01  Probe  
  50  4:04  Probe  
  49  4:14  Probe  
  49  4:16  Probe  
  51  4:23  Stalker x2  
  54  4:26  Probe  
  54  4:29  Probe  
  54  4:30  Pylon  
  56  4:33  Observer  
  56  4:40  Probe  
  57  4:46  Probe  
  57  4:48  Stalker  
  57  4:52  Probe  
  60  5:01  Nexus  
  60  5:05  Probe x2  
  62  5:12  Stalker  
  62  5:17  Probe x2  
  63  5:29  Probe x2  
  63  5:33  Charge (Chrono Boost), Shield Battery  
  63  5:35  Assimilator  
  65  5:37  Gateway  
  65  5:38  Gateway  
  65  5:41  Probe  
  66  5:43  Stalker  
  66  5:45  Probe  
  66  5:48  Pylon  
  68  6:02  Warp Prism (Chrono Boost)  
  68  6:06  Gateway  
  68  6:08  Gateway  
  71  6:11  Probe x2  
  71  6:16  Gateway  
  71  6:17  Sentry  
  74  6:18  Gateway  
  74  6:20  Probe  
  74  6:23  Probe  
  74  6:25  Zealot  
  78  6:28  Probe  
  78  6:32  Probe, Zealot  
  82  6:34  Zealot  
  82  6:35  Probe  
  85  6:40  Probe  
  85  6:42  Pylon  
  85  6:43  Stalker  
  88  6:49  Pylon  
  88  6:52  Zealot x2  
  92  6:57  Observer  
  93  7:02  Pylon  
  93  7:04  Probe x2, Pylon  
  93  7:05  Probe  
  96  7:08  Zealot  
  96  7:09  Zealot  
  96  7:12  Zealot x2  
  96  7:13  Zealot x2  
  108  7:17  Pylon  
  108  7:21  Zealot  
  108  7:32  Probe x3, Assimilator  
  108  7:36  Templar Archives, Forge  
  108  7:37  Assimilator  
  111  7:41  Zealot x2  
  111  7:42  Zealot x4  
  121  7:47  Probe x3  
  121  7:49  Assimilator  
  121  7:51  Pylon  
  124  7:54  Psionic Storm  
  124  8:01  Zealot x2  
  124  8:02  Zealot  
  130  8:06  Pylon  
  130  8:07  Protoss Ground Weapons Level 1 (Chrono Boost)  
  130  8:12  Photon Cannon  
  130  8:13  Shield Battery  
  130  8:16  High Templar, Pylon  
  130  8:17  High Templar x2  
  136  8:24  Pylon  
  136  8:25  High Templar  
  138  8:29  Zealot x4  
  140  8:39  Immortal (Chrono Boost)  
  140  8:48  Pylon  
  144  8:52  Nexus  
  144  8:53  High Templar x2  
  148  8:57  Archon  
  148  9:08  Pylon, Immortal (Chrono Boost)  
  152  9:10  Zealot x5  
  152  9:16  Zealot  
  164  9:25  Stalker x2  
  168  9:36  Stalker x2  
  168  9:37  Zealot x2, Stalker  
  178  9:41  Stalker  
  180  9:55  Zealot  
  180  9:56  Zealot  
  180  9:57  Probe  
  181  10:03  Probe x2  
  181  10:06  Forge  
Show
View Real Time Build Order
Export as new Build Order

BratOK Terran 

Build Orders: 1/1/1 

Get SALT Encoding   

  12  0:00  SCV  
  13  0:12  SCV  
  14  0:17  Supply Depot  
  14  0:24  SCV  
  15  0:38  SCV  
  15  0:40  Barracks  
  16  0:43  Refinery  
  16  0:50  SCV  
  16  0:54  Supply Depot  
  17  0:59  Refinery  
  17  1:04  SCV  
  18  1:16  SCV  
  19  1:27  Marine  
  19  1:29  Orbital Command  
  20  1:39  Factory  
  20  1:47  Barracks Reactor  
  20  1:56  SCV  
  21  2:08  SCV  
  22  2:20  SCV  
  22  2:22  Widow Mine  
  25  2:24  Starport, Marine x2  
  27  2:32  SCV, Supply Depot  
  28  2:43  Widow Mine  
  30  2:57  Command Center  
  30  3:01  Medivac  
  30  3:05  Widow Mine  
  34  3:11  Armory  
  34  3:18  Supply Depot  
  34  3:20  Marine  
  34  3:22  Marine  
  34  3:25  SCV  
  37  3:47  Widow Mine x2, Medivac  
  37  3:48  SCV  
  44  3:55  Barracks Tech Lab  
  44  4:00  SCV  
  47  4:10  Widow Mine x2  
  47  4:12  SCV  
  48  4:24  SCV  
  49  4:33  Orbital Command  
  49  4:38  SCV  
  49  4:41  Marine x2, Siege Tank  
  49  4:45  Barracks, Supply Depot  
  55  4:50  SCV  
  52  5:01  Barracks  
  52  5:02  SCV  
  51  5:15  SCV, Siege Tank  
  51  5:16  Viking  
  51  5:20  SCV  
  52  5:23  Refinery, Marine x2  
  52  5:27  SCV  
  53  5:32  SCV  
  53  5:33  Barracks Tech Lab, Engineering Bay  
  54  5:39  SCV  
  55  5:44  SCV  
  56  5:51  SCV  
  56  5:52  Marine x3, Stimpack  
  56  5:56  Factory Tech Lab, Starport Reactor, SCV  
  56  5:57  Refinery  
  59  6:05  SCV  
  59  6:08  SCV  
  59  6:09  Marauder, Marine x2  
  59  6:10  Terran Infantry Weapons Level 1  
  59  6:11  Marauder  
  65  6:16  Supply Depot  
  65  6:17  SCV, Siege Tank  
  69  6:21  SCV  
  70  6:36  Supply Depot  
  70  6:37  Marine x2  
  70  6:38  SCV, Marauder x2  
  70  6:39  SCV, Supply Depot  
  78  6:58  SCV x2, Marine, Medivac x2  
  78  7:01  Marauder x2, Marine  
  90  7:10  SCV x2  
  91  7:16  Marine  
  91  7:19  Marine, Command Center  
  91  7:20  Factory Reactor  
  91  7:22  Marauder  
  92  7:23  Marauder  
  90  7:37  SCV x2  
  92  7:53  Liberator  
  94  8:03  Supply Depot  
  94  8:05  Widow Mine, SCV x2, Liberator, Supply Depot  
  101  8:06  Terran Infantry Weapons Level 2  
  101  8:12  Marine  
  102  8:13  Combat Shield  
  102  8:14  Concussive Shells  
  102  8:23  Supply Depot  
  102  8:25  Widow Mine, SCV x2, Marauder x2, Supply Depot  
  110  8:37  SCV  
  111  8:41  Marine  
  111  8:45  SCV  
  111  8:46  Marauder x2  
  118  8:49  SCV, Orbital Command  
  118  8:57  SCV  
  119  9:05  Marine  
  119  9:08  SCV, Marauder x2  
  119  9:09  Barracks  
  125  9:10  Barracks  
  125  9:11  Marine  
  126  9:17  SCV  
  126  9:21  Missile Turret, Supply Depot  
  127  9:29  Marauder  
  129  9:32  Missile Turret  
  129  9:33  Missile Turret  
  129  9:36  Marine, Supply Depot  
  129  9:37  Marauder  
  132  9:40  Marine  
  132  9:44  SCV  
  131  9:50  Marauder  
  131  9:52  Supply Depot x2  
  133  9:54  Marine  
  133  9:58  Marauder  
  135  10:02  Barracks Reactor, Barracks Tech Lab  
Tags
 
Add a new tag
Caveats
  • Supply blocks, unpowered buildings, or Contaminate may cause inaccurate times.
  • Supply counts are checked every 10 seconds.